 Dungeon Crawl Stone Soup version 0.29.1-2-gbd0b4ee654 (webtiles) character file.

Game seed: 13386175651360195916

109 Gabide the Grave Robber (level 4, 0/33 HPs)
             Began as a Mummy Necromancer on Oct 28, 2022.
             Slain by a rat (1 damage)
             ... on level 3 of the Dungeon.
             The game lasted 00:03:57 (2146 turns).

Gabide the Grave Robber (Mummy Necromancer)         Turns: 2146, Time: 00:03:57

Health: 0/33       AC:  2    Str: 13    XL:     4   Next: 59%
Magic:  2/8        EV: 12    Int: 18    God:
Gold:   45         SH:  0    Dex: 19    Spells: 8/9 levels left

rFire   . . .      SeeInvis .   b - +9 dagger of Pyromania {vorpal, Int+4 Dex+7}
rCold   + + .      Faith    .   (no shield)
rNeg    + + +      Spirit   .   a - +0 robe
rPois   ∞          Reflect  .   (no helmet)
rElec   .          Harm     .   c - scarf {rC+ rF+}
rCorr   .          Rampage  .   (no gloves)
Will    .....                   (no boots)
Stlth   ++........              (no amulet)
HPRegen 0.11/turn               (no ring)
MPRegen 0.11/turn               (no ring)

@: no status effects
A: cold resistance 1, negative energy resistance 3, torment resistance 2, heat
vulnerability 1, in touch with death 1, no potions
a: no special abilities


You were on level 3 of the Dungeon.
You visited 1 branch of the dungeon, and saw 4 of its levels.

You collected 45 gold pieces.

Inventory:

Hand Weapons
 b - the +9 dagger of Pyromania (weapon) {vorpal, Int+4 Dex+7}
   (You found it on level 4 of the Dungeon)

   It inflicts extra damage upon your enemies.
   Int:       It affects your intelligence (+4).
   Dex:       It affects your dexterity (+7).
Missiles
 g - 5 poisoned darts
 j - 3 atropa-tipped darts
Armour
 a - a +0 robe (worn)
 c - a scarf of resistance (worn)
Scrolls
 d - a scroll of noise {unknown}
 e - a scroll of magic mapping {unknown}
 f - 2 scrolls of fear {unknown}
 h - 2 scrolls of identify {unknown}
 i - a scroll of enchant armour {unknown}


   Skills:
 + Level 2.2 Fighting
 - Level 1.5 Dodging
 - Level 1.5 Stealth
 + Level 1.8 Unarmed Combat
 - Level 3.0 Spellcasting
 + Level 4.7 Necromancy


You had 8 spell levels left.
You knew the following spells:

 Your Spells              Type           Power      Damage    Failure   Level
a - Necrotise             Necr           100%       1d9       2%          1

Your spell library contained the following spells:

 Spells                   Type           Power      Damage    Failure   Level
 Vampiric Draining        Necr           29%        2d8       7%          3
 Animate Dead             Necr           29%        N/A       24%         4
 Agony                    Necr           29%        N/A       54%         5


Dungeon Overview and Level Annotations

Branches:
Dungeon (4/15)
 Temple: D:4-7

Altars:

Annotations:
D:2 1 runed translucent door, Crazy Yiuf
D:4 Menkaure


Innate Abilities, Weirdness & Mutations

You are immune to poison.
Your flesh is cold resistant. (rC+)
You are immune to negative energy. (rN+++)
You are immune to unholy pain and torment.
You are vulnerable to heat. (rF-)
You are in touch with the powers of death.
You do not drink.


Message History

Found a whip.
The bat barely misses you. The bat closely misses you.
The bat barely misses you. The bat hits you. x2
The orc hits you with a +0 mace.
* * * LOW HITPOINT WARNING * * *
The ogre struggles against the net.
The bat hits you but does no damage. The bat barely misses you.
The giant cockroach barely misses you.
The ogre struggles against the net.
The bat misses you. The endoplasm attacks as you move away!
The endoplasm hits you.
* * * LOW HITPOINT WARNING * * *
The giant cockroach attacks as you move away!
The giant cockroach bites you but does no damage.
The bat attacks as you move away! The bat barely misses you.
The bat closely misses you.
The giant cockroach waves its antennae.
The ogre struggles against the net.
The net rips apart, and the ogre comes free!
The rat bites you.
* * * LOW HITPOINT WARNING * * *
The bat misses you. x2
The bat attacks as you move away! The bat hits you.
* * * LOW HITPOINT WARNING * * *
The bat closely misses you. The bat completely misses you.
The rat barely misses you. The bat hits you.
* * * LOW HITPOINT WARNING * * *
You can't drink.
The bat barely misses you. x3
The orc suddenly cheers, as Orcs often do.
The bat misses you. The bat closely misses you. The bat barely misses you.
The bat hits you.
* * * LOW HITPOINT WARNING * * *
The bat barely misses you.
There is a stone staircase leading up here.
Casting: Necrotise (safe; 2% risk of failure)
Confirm with . or Enter, or press ? or * to list all spells.
Okay, then.
The bat hits you but does no damage. The bat hits you.
* * * LOW HITPOINT WARNING * * *
The bat closely misses you. The rat bites you.
You die...

#.# #)# #####.#
##...#.#
##..♣...#
#..(...!##
#.....♣.J###
#..>..O.Sb.##
#.....♣.Bb@b#
#.......or....#
##..♣.......#.#
##...##...#.#.#
#######.#.## ..
...## .# ###. #


You could see an ogre, an orc, an endoplasm, a giant cockroach, 3 bats, a ball
python and a rat.

Vanquished Creatures
  An iguana (D:4)
  2 adders (D:2)
  2 gnolls (D:4)
  An orc (D:4)
  5 bats (D:1)
  7 endoplasms
  A giant cockroach (D:1)
  4 goblins
  4 hobgoblins
  2 quokkas
  A ball python (D:1)
  3 frilled lizards (D:2)
  7 kobolds
  5 rats (D:1)
45 creatures vanquished.

Vanquished Creatures (collateral kills)
  A frilled lizard (D:1)
1 creature vanquished.

Vanquished Creatures (others)
  A demonic plant (D:4)
1 creature vanquished.

Grand Total: 47 creatures vanquished

Notes
Turn   | Place    | Note
-------+----------+-------------------------------------------
     0 | D:1      | Gabide the Mummy Necromancer began the quest for the Orb.
     0 | D:1      | Reached XP level 1. HP: 13/13 MP: 4/4
   211 | D:1      | Reached XP level 2. HP: 20/20 MP: 2/5
   468 | D:1      | Reached skill level 1 in Fighting
  1022 | D:1      | Reached skill level 1 in Unarmed Combat
  1301 | D:2      | Gained mutation: You are in touch with the powers of death.
                  | [Mummy growth]
  1301 | D:2      | Reached XP level 3. HP: 26/26 MP: 4/7
  1507 | D:2      | Found a runed translucent door.
  1508 | D:2      | Noticed Crazy Yiuf
  1578 | D:2      | Found a faded altar of an unknown god.
  1795 | D:2      | You fall into a shaft and drop 2 floors!
  1929 | D:4      | Reached XP level 4. HP: 33/33 MP: 2/8
  2110 | D:4      | Noticed a scorpion
  2115 | D:4      | Noticed Menkaure
  2129 | D:4      | Identified the +9 dagger of Pyromania {vorpal, Int+4 Dex+7}
  2136 | D:3      | Noticed an ogre
  2146 | D:3      | HP: 1/33 [bat (1)]
  2146 | D:3      | Slain by a rat

Illustrated notes

Levels and vault maps discovered:
D:1:      dpeg_arrival_subterranean_lakeside_camping, layout_basic,
          minmay_misc_feat_four_crosses, minmay_misc_feat_cross,
          chequers_arboretum, st_stairs_9, minmay_vboxes
D:2:      layout_basic, chequers_ecumenical_altar_island,
          uniq_crazy_yiuf_cottage, uniq_terence
D:3:      layout_loops_ring, zin_purify, nemelex_xobeh_ov_fountains_minmay,
          portal_sewer_entry_e, grunt_ministairs_9, uniq_natasha
D:4:      layout_loops_cross, serial_demonic, serial_demonic_g,
          serial_demonic_d, serial_demonic_g, serial_demonic_a,
          serial_demonic_e, serial_demonic_c, kennysheep_generic_room_3,
          uniq_menkaure

Skill      XL: |  1  2  3  4 |
---------------+-------------+-----
Spellcasting   | 3 |  3.0
Fighting       | 1 2 |  2.2
Unarmed Combat | 1 |  1.8
Dodging        | |  1.5
Stealth        | |  1.5
Necromancy     | |  4.7

Action                   |  1- 3 |  4- 6 || total
-------------------------+-------+-------++-------
Melee: Unarmed           |    32 |     3 ||    35
       Punch             |     2 |       ||     2
Throw: Dart              |       |     2 ||     2
       Throwing net      |       |     1 ||     1
 Cast: Necrotise         |    68 |    14 ||    82
  Use: Scroll            |       |     3 ||     3
 Stab: Sleeping          |     1 |       ||     1
Armor: Robe              |     5 |    12 ||    17
Dodge: Dodged            |    28 |    41 ||    69
